AoeStats
← Rexan_

Arabia

508525895Analyzed
3v3 RM · 11d ago on Sep 22, 2026· 55m 48s· 6 players
Game mode
Random Map
Map size
Normal (6 player)
Population
200
Speed
Normal
Resources
Standard
Victory
Conquest
Starting age
Dark Age
Ending age
Imperial Age
RankedLock teamsTeams togetherTeam positionsShared explorationLock speedFull tech treeHidden civsTurbo modeCheats
Victory
Defeat
🇩🇪 Jurchens · Germany
1324
+10
🇬🇧 Ethiopians · United Kingdom
1147
+17
🇭🇷 Koreans · Croatia
1011
+59
🇫🇷 Spanish · France
1197
-18
🇷🇺 Koreans · Russia
1165
-16
🇷🇺 Celts · Russia
1150
-16
KKUSH-PANIER
7:38 Loom
10:30 Feudal Age
11:10 Double-Bit Axe
13:11 Horse Collar
21:17 Castle Age
21:40 Gold Mining
22:31 Heavy Plow
23:46 Bloodlines
26:28 Wheelbarrow
29:45 Bow Saw
30:12 Fletching
33:26 Bodkin Arrow
40:29 Ballistics
40:52 Town Watch
41:29 Hand Cart
45:23 Imperial Age
50:52 Conscription
Rexan_
7:20 Loom
7:25 Loom
10:16 Feudal Age
11:32 Double-Bit Axe
13:54 Fletching
16:07 Horse Collar
19:11 Wheelbarrow
22:22 Castle Age
23:12 Bow Saw
23:21 Gold Mining
24:05 Bodkin Arrow
24:12 Town Watch
25:53 Elite Skirmisher
30:34 Hand Cart
30:27 Heavy Plow
43:50 Ballistics
47:25 Imperial Age
44:52 Pikeman
49:11 Chemistry
50:22 Bracer
lokki202
10:15 Loom
12:32 Feudal Age
18:31 Castle Age
18:51 Pikeman
28:48 Double-Bit Axe
30:47 Horse Collar
33:34 Bow Saw
34:36 Heavy Plow
40:23 Gold Mining
43:30 Imperial Age
43:30 Forging
43:25 Scale Barding Armor
44:48 Wheelbarrow
44:01 Town Watch
43:39 Halberdier
45:57 Hand Cart
47:01 Iron Casting
46:47 Chain Barding Armor
46:55 Chain Barding Armor
46:39 Scale Mail Armor
48:13 Conscription
49:33 Elite Woad Raider
52:47 Chain Mail Armor
53:32 Blast Furnace
Myrmidon Overlord
9:02 Feudal Age
8:01 Loom
9:50 Double-Bit Axe
12:27 Forging
14:37 Loom
14:43 Horse Collar
17:02 Wheelbarrow
17:49 Bloodlines
18:48 Scale Barding Armor
24:11 Castle Age
22:16 Town Watch
24:31 Gold Mining
25:35 Iron Casting
24:21 Light Cavalry
26:18 Husbandry
26:44 Chain Barding Armor
28:50 Bow Saw
34:32 Hand Cart
35:34 Town Patrol
40:05 Gold Shaft Mining
42:58 Imperial Age
42:19 Heavy Plow
42:14 Stone Mining
43:16 Elite Steppe Lancer
44:33 Plate Barding Armor
46:20 Blast Furnace
47:09 Chemistry
46:04 Fletching
48:15 Ballistics
47:36 Treadmill Crane
48:06 Masonry
48:44 Hussar
49:46 Bodkin Arrow
49:51 Padded Archer Armor
49:59 Siege Engineers
50:04 Masonry
52:03 Conscription
51:47 Fortified Bastions
53:49 Bracer
54:05 Leather Archer Armor
55:45 Hoardings
55:22 Thunderclap Bombs
Curryfortea
6:59 Loom
9:30 Feudal Age
15:59 Fletching
23:53 Castle Age
23:04 Padded Archer Armor
22:51 Double-Bit Axe
24:00 Crossbowman
24:45 Thumb Ring
25:09 Bodkin Arrow
33:29 Wheelbarrow
33:16 Squires
34:18 Ballistics
37:18 Leather Archer Armor
37:04 Scale Mail Armor
44:34 Imperial Age
43:48 Chain Mail Armor
45:23 Arbalester
46:25 Bracer
46:56 Ring Archer Armor
48:42 Hand Cart
49:31 Chemistry
53:19 Scale Barding Armor
53:27 Forging
54:25 Chain Barding Armor
53:43 Light Cavalry
magdallenagrdic
13:36 Feudal Age
16:15 Loom
21:30 Wheelbarrow
20:39 Horse Collar
20:55 Fletching
Connection lost

Rejoining the realm…

Still unreachable

The connection could not be restored.

Session expired

The server has moved on; the page needs a fresh start.